 Dungeon Crawl Stone Soup version 0.27.1-34-g3ba077fa99 (webtiles) character file.

Game seed: 8851182529492805748

1349 Doot the Geomancer (level 8, -7/62 HPs)
             Began as a Deep Dwarf Earth Elementalist on Jan 9, 2022.
             Was a Follower of Makhleb.
             Mangled by a hornet (8 damage)
             ... on level 6 of the Dungeon.
             The game lasted 00:14:27 (6265 turns).

Doot the Geomancer (Deep Dwarf Earth Elementalist)  Turns: 6265, Time: 00:14:27

Health: -7/62      AC:  5    Str: 12    XL:     8   Next: 36%
Magic:  10/16      EV: 12    Int: 18    God:    Makhleb [*.....]
Gold:   163        SH:  0    Dex: 13    Spells: 14/18 levels left

rFire    . . .     SeeInvis .   f - +3 dagger
rCold    . . .     Faith    +   (no shield)
rNeg     . . .     Spirit   .   b - +0 robe
rPois    .         Reflect  .   x - +0 helmet
rElec    .         Harm     .   w - +0 cloak
rCorr    .         Rampage  .   (no gloves)
Will     +....                  e - +0 pair of boots {Stlth+}
Stlth    +++.......             i - amulet of faith
HPRegen  0.00/turn              (no ring)
MPRegen  0.15/turn              (no ring)

@: lethally poisoned (-7 -> -7), slowed, very slow
A: damage resistance, heal wounds, sense surroundings 1, no regeneration
a: Heal Wounds, Renounce Religion


You were on level 6 of the Dungeon.
You worshipped Makhleb.
Makhleb was aware of your devotion.
You visited 2 branches of the dungeon, and saw 7 of its levels.

You collected 163 gold pieces.

Inventory:

Hand Weapons
 a - a +0 mace
 f - a +3 dagger (weapon)
Missiles
 c - 156 stones
 q - a throwing net
Armour
 b - a +0 robe (worn)
 e - a +0 pair of boots of stealth (worn)
 w - a +0 cloak (worn)
 x - a +0 helmet (worn)
 z - a +1 scale mail of willpower
Jewellery
 i - an amulet of faith (around neck)
Wands
 y - a wand of digging (5)
Scrolls
 d - 6 scrolls of teleportation
 g - a scroll of noise {unknown}
 h - a scroll of blinking {unknown}
 m - a scroll of acquirement {unknown}
 n - a scroll of identify
 p - a scroll of torment {unknown}
 r - 2 scrolls of enchant armour {unknown}
 s - 2 scrolls of magic mapping {unknown}
 t - a scroll of holy word {unknown}
 u - a scroll of summoning {unknown}
Potions
 j - a potion of flight
 k - a potion of lignification
 o - a potion of cancellation
 v - 2 potions of degeneration


   Skills:
 + Level 2.8 Dodging
 + Level 3.2 Stealth
 * Level 5.6 Spellcasting
 * Level 2.3 Conjurations
 + Level 0.8 Transmutations
 * Level 10.0 Earth Magic


You had 14 spell levels left.
You knew the following spells:

 Your Spells              Type           Power      Damage    Failure   Level
a - Sandblast             Erth           82%        2d17      1%          1
b - Stone Arrow           Conj/Erth      54%        3d10      3%          3

Your spell library contained the following spells:

 Spells                   Type           Power      Damage    Failure   Level
 Passwall                 Tmut/Erth      20%        N/A       1%          2
 Petrify                  Tmut/Erth      24%        N/A       13%         4
 Animate Armour           Summ/Erth      46%        N/A       16%         4
 Gell's Gravitas          Tloc           2%         N/A       36%         3
 Teleport Other           Tloc           5%         N/A       36%         3
 Dispersal                Tloc           2%         N/A       100%        6
 Lehudib's Crystal Spear  Conj/Erth      13%        10d5      100%        8


Dungeon Overview and Level Annotations

Branches:
Dungeon (6/15)             Temple (1/1) D:4

Altars:
Ashenzari
Hepliaklqana
Kikubaaqudgha
Makhleb
Okawaru
Qazlal
Sif Muna
Trog
Uskayaw
Vehumet
Wu Jian
Xom
Yredelemnul
Zin
The Shining One

Shops:
D:4 (


Innate Abilities, Weirdness & Mutations

You are resistant to damage.
You can heal yourself by infusing magical energy.
You passively map a small area around you.
You do not regenerate.


Message History

Unknown command.
Casting: Sandblast (safe; 1% risk of failure)
Confirm with . or Enter, or press ? or * to list all spells.
Aiming: Sandblast (safe; 1% risk of failure)
Press: ? - help, Shift-Dir - straight line, f/p - hornet
Aim: a hornet (heavily wounded, 74% to hit)
The blast of sand hits the hornet but does no damage.
The hornet is heavily wounded.
c - 158 stones The hornet stings you.
You are poisoned.
You suddenly lose the ability to move!
The hornet stings you!
You are more poisoned.
You feel yourself slow down.
You can move again.
Casting: Sandblast (safe; 1% risk of failure)
Confirm with . or Enter, or press ? or * to list all spells.
Aiming: Sandblast (safe; 1% risk of failure)
Press: ? - help, Shift-Dir - straight line, f/p - hornet
Aim: a hornet (heavily wounded, 74% to hit)
The blast of sand hits the hornet.
The hornet is severely wounded.
c - 157 stones You feel yourself speed up.
The hornet closely misses you. The hornet stings you!
* * * LOW HITPOINT WARNING * * *
You are more poisoned.
You feel yourself slow down.
Casting: Sandblast (safe; 1% risk of failure)
Confirm with . or Enter, or press ? or * to list all spells.
Aiming: Sandblast (safe; 1% risk of failure)
Press: ? - help, Shift-Dir - straight line, f/p - hornet
Aim: a hornet (severely wounded, 74% to hit)
The blast of sand hits the hornet!
The hornet is almost dead.
c - 156 stones
* * * LOW HITPOINT WARNING * * *
You feel very sick. The hornet closely misses you. The hornet stings you!
You die...

#..####### ,
##.#####.####...####
,........).)†........
##.####[.####..h#### ,
##.####.## ...# , , ,
........# ####* ** ** *
##.##...######## *
#.##..#.>.....# *
#)@y..#<......# * **
#####..##.........# * *
####.....#####.......# ,
##....###..>...[......#
###..##......####........
####.......###....##........
*#....#.#####
##...#........# #......#
#............# #....###
#...##......


You could see a hornet.

Vanquished Creatures
  A water moccasin (D:6)
  An orc warrior (D:5)
  2 necrophages
  3 ogres
  A phantom (D:4)
  A water moccasin skeleton (D:4)
  3 killer bees
  A bullfrog skeleton (D:5)
  A jelly (D:4)
  An orc priest (D:6)
  2 hounds
  A gnoll shaman (D:4)
  3 iguanas
  2 orc wizards (D:5)
  3 gnolls
  5 adders
  2 ufetubi (D:4)
  An adder zombie (D:5)
  2 worms
  2 dart slugs
  5 orcs
  2 bats
  5 endoplasms
  4 giant cockroaches
  8 hobgoblins
  3 kobolds
  9 quokkas
  6 ball pythons
  A frilled lizard (D:1)
  11 goblins
  4 rats
96 creatures vanquished.

Notes
Turn   | Place    | Note
-------+----------+-------------------------------------------
     0 | D:1      | Doot the Deep Dwarf Earth Elementalist began the quest for
                  | the Orb.
     0 | D:1      | Reached XP level 1. HP: 15/15 MP: 3/3
   527 | D:1      | Reached XP level 2. HP: 22/22 MP: 0/5
  1148 | D:1      | Reached XP level 3. HP: 28/28 MP: 4/6
  1152 | D:1      | Learned a level 3 spell: Stone Arrow
  1401 | D:2      | Found a faded altar of an unknown god.
  1549 | D:2      | Found a basalt altar of Yredelemnul.
  1620 | D:2      | Reached skill level 5 in Earth Magic
  2010 | D:3      | Found a shimmering altar of Xom.
  2011 | D:3      | Found a hazy altar of Hepliaklqana.
  2012 | D:3      | Noticed a spectral ugly thing
  2183 | D:3      | Found a radiant altar of Vehumet.
  2339 | D:3      | Noticed a necrophage
  2358 | D:3      | Killed a necrophage
  2359 | D:3      | Reached skill level 6 in Earth Magic
  2359 | D:3      | Reached XP level 4. HP: 30/36 MP: 0/8
  2359 | D:3      | Reached XP level 5. HP: 35/42 MP: 0/9
  3529 | D:4      | Found a staircase to the Ecumenical Temple.
  3538 | Temple   | Entered the Ecumenical Temple
  3682 | Temple   | Became a worshipper of Makhleb the Destroyer
  3999 | D:4      | Noticed a phantom
  4008 | D:4      | Killed a phantom
  4009 | D:4      | Reached skill level 1 in Conjurations
  4009 | D:4      | Reached skill level 7 in Earth Magic
  4009 | D:4      | Reached XP level 6. HP: 19/49 MP: 6/11
  4166 | D:4      | Found an ornate altar of the Wu Jian Council.
  4586 | D:4      | Reached XP level 7. HP: 21/55 MP: 10/13
  4731 | D:4      | Found Lorchiqo's Weapon Shoppe.
  5051 | D:5      | Entered Level 5 of the Dungeon
  5080 | D:5      | Reached skill level 8 in Earth Magic
  5144 | D:5      | Reached * piety under Makhleb
  5526 | D:5      | Reached skill level 9 in Earth Magic
  5951 | D:6      | Reached skill level 5 in Spellcasting
  5951 | D:6      | Reached XP level 8. HP: 9/62 MP: 6/15
  6020 | D:6      | HP: 3/62 [killer bee (1)]
  6135 | D:6      | Reached skill level 10 in Earth Magic
  6165 | D:6      | Noticed a hornet
  6263 | D:6      | Paralysed by a hornet for 1 turns
  6265 | D:6      | HP: 1/62 [poisoned by a hornet]
  6265 | D:6      | Mangled by a hornet

Illustrated notes

Levels and vault maps discovered:
D:1:      dpeg_arrival_rooms_b, layout_basic
D:2:      layout_basic, basic_ecumenical_altar, basic_altar
D:3:      layout_basic, mainiacjoe_overflow_paths,
          regret_index_temple_of_mockery
D:4:      layout_basic, nicolae_overflow_hidden_temple,
          minmay_temple_entry_overgrown, serial_shops,
          nicolae_shop_behind_doors, kennysheep_small_square
D:5:      layout_rooms
D:6:      layout_rooms
Temple:   regret_index_temple_generic_petals

Skill      XL: |  1  2  3  4  5  6  7  8 |
---------------+-------------------------+-----
Spellcasting   | 2 3 4 5 |  5.6
Earth Magic    | 6 7 9 10 | 10.0
Conjurations   | 1 2 |  2.3
Stealth        | 3 |  3.2
Dodging        | |  2.8
Transmutations | |  0.8

Action                   |  1- 3 |  4- 6 |  7- 9 || total
-------------------------+-------+-------+-------++-------
Melee: Dagger            |       |       |     1 ||     1
 Cast: Sandblast         |    66 |    28 |    42 ||   136
       Stone Arrow       |     1 |    14 |    20 ||    35
 Abil: Heal Wounds       |       |       |     2 ||     2
  Use: Scroll            |       |       |     6 ||     6
       Potion            |       |       |     3 ||     3
Armor: Robe              |     1 |     3 |     7 ||    11
Dodge: Dodged            |     5 |     9 |    17 ||    31
